Map: Lerilak Crest

Players

Solipsis

  • Race: Terran Terran
  • League: Silver

poetic - Winner!

  • Race: Zerg Zerg
  • League: Gold

VOD

Have the link to the VOD?

Description

Time

  • Played on: Dec. 4, 2015, 2:39 a.m.
  • Length: 18:13
Show
View Real Time Build Order
Export as new Build Order

Solipsis Terran 

Build Orders: MMM Bio 

Get SALT Encoding   

  12  0:01  SCV  
  13  0:13  SCV  
  14  0:26  Supply Depot  
  14  0:28  SCV  
  15  0:45  Supply Depot  
  15  0:48  SCV  
  16  0:51  Barracks  
  16  1:00  SCV, Refinery  
  17  1:12  SCV  
  18  1:24  SCV  
  19  1:36  SCV  
  20  1:51  Refinery  
  20  2:01  SCV  
  20  2:02  Marine  
  21  2:11  Bunker  
  21  2:15  Refinery  
  21  2:19  Factory  
  21  2:20  Marine  
  21  2:21  Barracks  
  22  2:26  Supply Depot  
  22  2:38  Marine  
  22  2:43  Orbital Command  
  23  3:03  Supply Depot  
  23  3:10  Factory Reactor  
  23  3:11  Barracks Reactor, Barracks Tech Lab  
  23  3:13  Supply Depot  
  23  3:25  SCV  
  24  3:35  Command Center  
  24  3:41  Marauder  
  24  3:45  SCV  
  24  3:48  Marine  
  27  3:51  Marine  
  29  4:01  Widow Mine x2  
  33  4:13  Starport  
  33  4:14  Marine  
  33  4:15  Marine  
  35  4:22  Stimpack  
  36  4:24  SCV  
  36  4:40  Widow Mine x2  
  36  4:41  Marine  
  36  4:45  Marine  
  42  4:46  Marauder  
  44  5:04  Supply Depot  
  44  5:05  Marine x2, Starport Reactor  
  46  5:29  Supply Depot  
  46  5:31  Engineering Bay  
  46  5:32  SCV  
  46  5:33  Engineering Bay  
  47  5:37  Marine  
  47  5:38  Marauder, Marine  
  47  5:40  Widow Mine  
  53  5:44  SCV  
  54  5:57  SCV  
  54  6:03  Widow Mine  
  55  6:05  Marine x2  
  55  6:09  SCV, Widow Mine  
  62  6:16  Orbital Command  
  62  6:21  SCV  
  63  6:33  SCV  
  63  6:39  Widow Mine x2  
  68  6:40  Marine x2  
  68  6:43  Marauder  
  68  6:45  SCV  
  73  6:50  Barracks x2  
  73  6:54  SCV  
  73  6:57  SCV  
  73  6:59  Medivac  
  77  7:06  SCV  
  78  7:20  Missile Turret  
  78  7:28  Marine x2  
  78  7:29  Marauder  
  82  7:33  Medivac  
  82  7:36  SCV x2  
  86  7:41  Missile Turret  
  84  7:46  Marine  
  85  7:58  Combat Shields  
  85  8:00  Barracks Tech Lab  
  85  8:01  Barracks Reactor  
  85  8:03  Marine  
  85  8:05  Missile Turret  
  86  8:18  Supply Depot  
  86  8:20  Supply Depot, Marine  
  85  8:28  Missile Turret  
  85  8:37  SCV  
  85  8:39  Medivac x2, Refinery, Widow Mine x2  
  94  8:41  SCV, Marauder  
  97  8:49  SCV, Missile Turret  
  97  8:53  SCV, Concussive Shells  
  97  8:55  Marine x3  
  102  9:05  Supply Depot  
  102  9:09  Missile Turret  
  102  9:12  Terran Infantry Weapons Level 1, Terran Infantry Armor Level 1  
  102  9:26  Marine  
  102  9:27  SCV x2, Marauder x2  
  102  9:28  Supply Depot  
  109  9:32  Missile Turret  
  109  9:34  Marine  
  110  9:49  Marine x3  
  110  9:50  SCV, Marauder x2  
  116  10:00  Marine  
  117  10:07  Marine  
  118  10:18  Marauder x2  
  80  10:31  SCV x2  
  82  10:39  Marauder x2  
  86  10:43  SCV, Widow Mine  
  86  10:44  Widow Mine  
  91  10:51  Command Center  
  91  10:55  Marine x4  
  95  10:59  Missile Turret  
  95  11:01  Marauder x2  
  99  11:13  Marine x3  
  99  11:17  Marine  
  103  11:22  Missile Turret  
  103  11:26  SCV x2  
  105  11:38  SCV  
  105  11:39  Marauder x2, Marine x4  
  114  11:46  Refinery  
  114  11:56  Marine  
  114  11:57  Marine x3  
  114  12:01  Marauder  
  118  12:03  Marauder  
  118  12:14  Marine  
  119  12:19  Marine x2  
  119  12:20  Marine  
  119  12:22  Marauder  
  122  12:24  Marauder  
  124  12:31  Supply Depot  
  124  12:32  Marine  
  124  12:34  Supply Depot  
  124  12:36  Supply Depot  
  125  12:42  Barracks  
  125  12:43  Barracks, Marauder  
  127  12:45  Marauder  
  127  12:46  Barracks  
  127  12:47  Marine x2  
  131  12:53  Orbital Command  
  131  12:56  Marine  
  131  12:57  Marine  
  133  13:04  Armory  
  133  13:05  Marauder  
  135  13:07  Marauder  
  124  13:23  Marine x4  
  124  13:26  Marauder  
  129  13:28  Marauder  
  129  13:29  Marine  
  129  13:31  Barracks Reactor  
  132  13:41  Marine x4  
  120  13:47  Marauder  
  126  13:49  Marine  
  127  13:58  Barracks Reactor x2, Marine  
  127  13:59  Marine x3  
  127  14:01  Terran Infantry Weapons Level 2  
  127  14:02  Terran Infantry Armor Level 2  
  129  14:07  Marauder  
  129  14:08  Marine  
  131  14:16  Marine x2  
  130  14:21  Medivac x2  
  132  14:27  Hellbat x2  
  136  14:35  Refinery  
  136  14:46  Command Center  
  136  14:50  Medivac  
  136  14:51  Medivac  
  140  14:53  Missile Turret  
  140  14:56  Marine  
  140  14:57  Marine  
  142  15:07  Marine  
  142  15:08  Marauder x2, Marine  
  148  15:16  Missile Turret  
  148  15:20  Medivac  
  148  15:21  Medivac  
  152  15:23  Command Center  
  152  15:24  Marine  
  152  15:25  Marine  
  154  15:29  Marauder  
  156  15:36  Missile Turret  
  125  15:42  Marine  
  125  15:43  Marauder, Marine x4  
  125  15:44  Marine  
  125  15:47  Marine x2  
  119  15:50  Medivac  
  119  15:51  Marauder  
  119  15:53  Marine  
  119  15:54  Marine  
  109  16:00  Marine x2  
  109  16:02  Marine x2  
  110  16:05  Marauder  
  110  16:12  Marine, Marauder, Medivac  
  110  16:13  Marine  
  110  16:15  Marine  
  114  16:20  Medivac  
  114  16:22  Orbital Command  
  114  16:25  SCV  
  117  16:26  SCV  
  117  16:32  Marine x3  
  119  16:33  Marine  
  122  16:52  Marine x2  
  122  16:53  Marauder x2, Marine x3  
  131  16:58  Marine x4  
  131  16:59  Command Center, Marine  
  136  17:03  Widow Mine x2  
  90  17:30  Marauder, Marine x2  
  90  17:31  Marauder  
  58  17:52  Marauder x2  
Show
View Real Time Build Order
Export as new Build Order

poetic Zerg - Winner!

Build Orders: Hatch First, Muta Ling Bane 

Get SALT Encoding   

  12  0:01  Drone  
  13  0:09  Drone  
  14  0:17  Overlord  
  14  0:23  Extractor  
  14  0:24  Drone  
  15  0:36  Drone x2  
  17  0:45  Drone  
  18  0:59  Hatchery  
  17  1:11  Spawning Pool  
  16  1:13  Extractor  
  16  1:15  Drone  
  16  1:26  Drone x2  
  16  1:28  Drone  
  19  1:39  Drone  
  20  1:57  Queen  
  20  1:59  Overlord  
  22  2:11  Queen  
  22  2:12  Drone  
  22  2:13  Zergling x2  
  26  2:25  Metabolic Boost  
  26  2:28  Drone  
  27  2:33  Overlord  
  27  2:42  Drone  
  29  2:51  Drone  
  29  3:03  Drone x3, Roach Warren  
  31  3:06  Drone  
  31  3:07  Drone  
  33  3:20  Zergling x2  
  33  3:27  Lair  
  33  3:30  Overlord  
  33  3:35  Drone, Extractor  
  33  3:36  Zergling x2  
  34  3:53  Queen  
  36  3:56  Drone x5  
  41  4:14  Roach x5  
  41  4:16  Drone  
  52  4:18  Overlord  
  52  4:24  Glial Reconstitution  
  52  4:35  Queen  
  52  4:37  Drone x4  
  58  4:39  Hatchery, Overlord  
  58  4:42  Pneumatized Carapace  
  58  4:44  Extractor  
  56  4:46  Extractor  
  55  4:57  Overseer  
  55  5:06  Evolution Chamber  
  54  5:17  Drone x5  
  59  5:43  Zerg Missile Weapons Level 1  
  59  5:46  Evolution Chamber  
  58  5:54  Spire  
  56  6:14  Drone x3  
  56  6:15  Drone x2  
  56  6:16  Hatchery  
  56  6:17  Drone x4  
  64  6:34  Hatchery  
  64  6:39  Ravager  
  65  6:40  Ravager x4  
  65  6:43  Zerg Ground Armor Level 1  
  68  6:51  Zergling x10  
  68  6:52  Zergling x2  
  74  6:58  Overlord  
  74  6:59  Overlord  
  74  7:01  Burrow  
  74  7:21  Queen  
  76  7:25  Mutalisk  
  76  7:26  Mutalisk x5  
  76  7:29  Queen  
  88  7:30  Drone  
  88  7:32  Overlord x4  
  85  8:01  Mutalisk x4  
  93  8:09  Queen  
  93  8:10  Drone x3  
  98  8:15  Drone, Extractor  
  98  8:16  Drone x2  
  98  8:36  Baneling Nest  
  98  8:37  Zerg Flyer Weapons Level 1  
  98  8:38  Zerg Ground Armor Level 2  
  97  8:52  Extractor  
  97  8:54  Extractor  
  94  8:59  Drone x4  
  94  9:00  Drone, Overlord x2  
  94  9:01  Overlord x4  
  99  9:08  Mutalisk x3  
  105  9:26  Drone x9  
  105  9:27  Drone x3  
  117  9:31  Drone x2  
  117  9:32  Drone x2, Extractor  
  120  9:40  Centrifical Hooks  
  120  9:47  Zergling x2  
  120  9:48  Zergling x18  
  120  9:49  Zergling x2  
  120  9:50  Zergling x6  
  131  9:58  Baneling x5  
  131  9:59  Baneling x5  
  131  10:00  Baneling x2  
  116  10:44  Drone x3  
  119  10:56  Hydralisk Den  
  118  10:58  Zerg Missile Weapons Level 2  
  118  10:59  Infestation Pit  
  118  11:00  Zerg Melee Weapons Level 1  
  118  11:01  Zerg Flyer Weapons Level 2  
  114  11:33  Overseer x2  
  114  11:34  Overseer  
  112  11:57  Hatchery  
  110  12:09  Zergling x38  
  110  12:10  Zergling x4  
  124  12:28  Zergling x14  
  131  12:33  Mutalisk x8  
  131  12:34  Mutalisk x4  
  155  12:38  Hive  
  155  12:39  Lurker Den  
  155  12:46  Zergling x12  
  118  13:24  Zergling x8  
  118  13:25  Zergling x4  
  115  13:28  Baneling x4  
  115  13:29  Baneling  
  95  13:42  Zergling x2  
  95  13:44  Zergling x20  
  106  13:49  Queen  
  106  13:51  Drone x3  
  106  13:53  Baneling  
  106  13:54  Baneling x7  
  106  13:55  Zergling x2, Baneling  
  111  14:21  Overlord x2  
  111  14:22  Overlord  
  111  14:24  Overlord x3  
  111  14:32  Zerg Ground Armor Level 3, Ultralisk Cavern  
  111  14:33  Zerg Missile Weapons Level 3  
  110  14:43  Mutalisk x12  
  134  14:46  Zergling x24  
  146  15:06  Extractor  
  145  15:07  Extractor  
  144  15:18  Zergling x2  
  144  15:19  Zergling x6  
  144  15:20  Hatchery, Zergling x12  
  153  15:22  Chitinous Plating  
  153  15:29  Ultralisk  
  124  15:55  Overseer  
  120  16:07  Overseer  
  111  16:18  Ultralisk x6  
  146  16:24  Drone x3  
  149  16:36  Queen  
  149  16:37  Drone  
  152  16:52  Overseer x2  
  152  16:53  Overseer  
  152  16:54  Overlord x3  
  152  16:55  Overlord x3  
Tags
 
Add a new tag
Caveats
  • Supply blocks, unpowered buildings, or Contaminate may cause inaccurate times.
  • Supply counts are checked every 10 seconds.